 Dungeon Crawl Stone Soup version 0.15.0-25-gd84c1e8 (webtiles) character file.

124871 Ratboiler the Bludgeoner (level 16, -17/164 (167) HPs)
             Began as a Minotaur Berserker on Sept 9, 2014.
             Was an Elder of Trog.
             Demolished by the Enchantress
             ... wielding a +2 flail of protection
              (22 damage)
             ... on Level 3 of the Depths.
             The game lasted 01:33:30 (21683 turns).

Ratboiler the Bludgeoner (Minotaur Berserker)      Turns: 21683, Time: 01:33:32

HP -17/164 (167) AC 18     Str 30      XL: 16   Next: 40%
MP   6/6         EV 20     Int  6      God: Trog [****..]
Gold 1204        SH  0     Dex 16      Spells:  0 memorised, 15 levels left

rFire  . . .     SeeInvis .     a - +4 great mace (crush)
rCold  + + .     Clarity  .     v - +2 ring mail {rPois}
rNeg   + . .     rCorr    +     (no shield)
rPois  +         rRot     .     (helmet restricted)
rElec  +         Spirit   .     X - +2 cloak
SustAb .         Warding  .     w - +0 pair of gloves
rMut   +         NoTele   +     M - +1 pair of boots "Smuih" {rElec rN+}
Gourm  .                        Q - amulet of resist mutation
MR     .....                    W - ring of regeneration
                                P - ring of ice

@: confused, mighty, exhausted, resistant, vulnerable, cannot translocate,
slowed, very slow, not resistant to hostile enchantments, extremely unstealthy
A: retaliatory headbutt, horns 2, agile 1, clever 1, robust 1
a: Burn Spellbooks, Berserk, Trog's Hand, Brothers in Arms, Renounce Religion


You were on level 3 of the Depths.
You worshipped Trog.
Trog was greatly pleased with you.
You were not hungry.

You visited 2 branches of the dungeon, and saw 18 of its levels.
You visited the Abyss 1 time.

You collected 1504 gold pieces.
You spent 300 gold pieces at shops.

Inventory:

Hand weapons
 a - a +4 great mace of crushing (weapon)
 b - a +2 antimagic great mace
 c - a +2 triple crossbow of flaming
Missiles
 l - 4 poisoned needles
 N - 9 poisoned javelins (quivered)
Armour
 e - a fire dragon hide
 j - a +1 chain mail of cold resistance
 t - a +0 buckler
 v - a +2 ring mail of poison resistance (worn)
 w - a +0 pair of gloves (worn)
 M - the +1 pair of boots "Smuih" (worn) {rElec rN+}
   (You found it on level 6 of the Dungeon)

   It insulates you from electricity.
   It protects you from negative energy.
 X - a +2 cloak (worn)
Magical devices
 i - a wand of digging (11)
 m - a wand of draining (2)
 s - a wand of slowing (18)
 y - a wand of enslavement (17)
 B - a wand of digging (14)
 C - a wand of random effects (13)
 E - a wand of enslavement (13)
 G - a wand of polymorph (11)
 J - a wand of random effects (19)
 L - a wand of confusion (11)
 U - a wand of confusion (8)
Comestibles
 A - 3 rotting chunks of ice dragon flesh
 F - 17 fruits
 I - 9 slices of pizza
 O - 6 meat rations
Scrolls
 k - 10 scrolls of remove curse
 n - 8 scrolls of teleportation
 T - a scroll of enchant armour
Jewellery
 h - an uncursed amulet of stasis
 o - an uncursed amulet of guardian spirit {unknown}
 p - an uncursed ring of protection from fire
 x - an uncursed ring of sustain abilities
 K - an uncursed ring of see invisible
 P - a ring of ice (left hand)
 Q - an amulet of resist mutation (around neck)
 R - an uncursed ring of flight
 W - a ring of regeneration (right hand)
 Z - an uncursed ring of positive energy
Potions
 g - 2 potions of haste {unknown}
 q - 2 potions of brilliance
 u - 2 potions of restore abilities
 z - a potion of cure mutation
 H - a potion of lignification {unknown}
 S - a potion of decay
 V - a potion of might


   Skills:
 + Level 16.5 Fighting
 - Level 20.6 Maces & Flails
 + Level 16.2 Armour
 + Level 13.6 Dodging


You had 15 spell levels left.
You didn't know any spells.

Dungeon Overview and Level Annotations

Branches:
Dungeon (15/15)            Temple (0/1) D:6             Orc (0/4) D:9
   Lair (0/8) D:10         Vaults (0/5) D:13         Depths (3/5) D:15

Altars:
Ashenzari
Cheibriados
Elyvilon
Nemelex Xobeh
Qazlal
Sif Muna
Xom
The Shining One

Shops:
D:4 =   D:11 (

Portals:
Hell: Depths:1 Depths:2
Pandemonium: Depths:2

Annotations:
D:6 exclusion: downstairs
D:9 exclusion: downstairs
D:10 exclusion: downstairs
D:13 exclusions: downstairs, oklob plant and oklob sapling
D:15 Louise
Depths:3 the Enchantress


Innate Abilities, Weirdness & Mutations

You reflexively headbutt those who attack you in melee.
You have a pair of horns on your head.
You are agile. (Dex +2)
Your mind is acute. (Int +2)
You are robust (+10% HP).


Message History

Evoke which item? (* to show all) (? for menu, Esc to quit)
Okay, then.
Drink which item? (? for menu, Esc to quit)
Okay, then.
Read which item? (? for menu, Esc to quit)
You cannot teleport right now.
Drink which item? (? for menu, Esc to quit)
Okay, then.
Use which ability? (? or * to list)
You fail to use your ability.
Something barely misses you.
You hear some strange, mumbled words.
You feel as though you will be slow longer.
Use which ability? (? or * to list)
Your black bear goes berserk!
You feel somewhat more hungry.
You hear some strange, mumbled words.
You are confused.
Your black bear easily resists.
Something hits you!!
You die...

#### ## ##.@#
#.# ##i##h#
#.## ##i## #.#
#.###.##
#.#### .
##[#.## #.#.#
### ...
##)#### ##.#
#.. (..
##)##.# ##.##
#.# ... ##(##
#.###.## #.#
...
##.######.#.##
#.#


You could see a spriggan defender, a spriggan and a friendly black bear
(berserk).

Vanquished Creatures
  A golden dragon (Depths:2)
  2 liches
  A sphinx (Depths:3)
  A shadow dragon (Depths:2)
  Kirke (D:15)
  2 tengu reavers (Depths:1)
  6 frost giants
  Maud (D:15)
  3 emperor scorpions
  6 stone giants
  2 very ugly things
  3 rakshasas (Depths:1)
  A vampire knight (Depths:1)
  A dire elephant (Depths:3)
  A blizzard demon (Depths:2)
  2 minotaurs (Depths:3)
  Snorg (D:15)
  A merfolk javelineer (Depths:1)
  A great orb of eyes (Depths:3)
  3 yaktaur captains
  Fannar (D:10)
  5 ice dragons
  4 fire dragons
  2 hydras
  3 spriggan air magi
  4 centaur warriors
  4 deep troll earth magi
  3 ogre magi
  2 dancing weapons (D:13)
  5 deep troll shamans
  11 death yaks (Depths:1)
  2 spriggan berserkers (Depths:3)
  A soul eater (Depths:2)
  2 deep elf knights
  3 skeletal warriors (D:15)
  3 unseen horrors
  A giant orange brain (Depths:1)
  A deep elf summoner (Depths:3)
  10 hill giants
  4 deep trolls
  2 wizards
  Pikel (D:7)
  A sphinx zombie (Depths:2)
  2 necromancers
  3 harpies (D:15)
  3 manticores
  An orc sorcerer (D:15)
  A griffon (D:15)
  11 ugly things
  2 cyclopes
  2 elephants
  11 yaktaurs
  A komodo dragon (shapeshifter) (Depths:1)
  A centaur skeleton (D:15)
  An emperor scorpion zombie (Depths:2)
  A yaktaur (shapeshifter) (Depths:2)
  A demonic crawler (Depths:3)
  Grinder (D:4)
  A red devil (Depths:2)
  An efreet (D:11)
  5 two-headed ogres
  2 trolls
  A tengu conjurer (D:15)
  2 ravens (D:15)
  16 slime creatures
  A spriggan zombie (Depths:2)
  2 spriggan skeletons (Depths:2)
  3 vampires
  A spriggan (Depths:3)
  An air elemental (Depths:3)
  A redback (Depths:3)
  2 water elementals (Depths:1)
  3 deep elf magi
  A wyvern (D:11)
  A tarantella (Depths:3)
  2 hippogriffs
  Eustachio (D:7)
  A hill giant zombie (D:10)
  11 yaks
  5 hogs (D:15)
  2 hungry ghosts
  A mottled dragon (D:11)
  3 wraiths
  A neqoxec (Depths:2)
  3 vampire mosquitoes (D:15)
  Edmund (D:4)
  A chaos spawn (Depths:2)
  The ghost of TAS2012 the Sneak, an average OpWz (D:4)
  4 sky beasts
  A human skeleton (D:14)
  2 water moccasins
  2 phantoms
  8 orc warriors
  A black bear (shapeshifter) (Depths:1)
  3 slaves (D:7)
  12 boggarts
  A black bear (D:11)
  2 spiders (D:13)
  2 ice beasts
  A crocodile (D:10)
  13 ogres
  A manticore skeleton (D:13)
  5 big kobolds
  33 centaurs
  Sigmund (D:5)
  A brain worm (D:14)
  7 giant frogs
  Blork the orc (D:4)
  18 killer bees
  3 scorpions
  2 goliath beetles (D:10)
  5 wights (D:15)
  A giant frog zombie (D:12)
  A basilisk zombie (D:15)
  8 hounds
  3 jellies
  3 crimson imps
  6 orc priests
  11 orc wizards
  Crazy Yiuf (D:7)
  An elf skeleton (D:10)
  A giant frog skeleton (D:11)
  4 iguanas
  16 worker ants
  2 sheep (D:8)
  A big kobold zombie (D:6)
  Ijyb (D:3)
  An ogre skeleton (D:10)
  A hound skeleton (D:5)
  A worker ant zombie (D:7)
  11 adders
  3 giant mites
  4 shadow imps
  An orc skeleton (D:10)
  An adder skeleton (D:8)
  An iguana skeleton (D:10)
  9 giant geckos
  2 oozes
  37 orcs
  A bat skeleton (D:7)
  6 giant cockroaches
  16 hobgoblins
  4 jackals
  5 quokkas
  10 ball pythons
  11 bats
  6 giant newts
  A giant spore (D:6)
  16 goblins
  A hobgoblin skeleton (D:4)
  A jackal skeleton (D:6)
  33 kobolds
  A kobold skeleton (D:5)
  7 orc zombies
  19 rats
  17 ballistomycetes
  A fungus (D:7)
  3 plants (D:13)
654 creatures vanquished.

Vanquished Creatures (collateral kills)
  A titan (Depths:2)
  A stone giant (Depths:1)
  A spriggan defender (Depths:3)
  A dire elephant (Depths:1)
  A centaur warrior (Depths:1)
  Urug (D:10)
  Nergalle (D:10)
  3 ugly things
  A two-headed ogre (D:10)
  A crocodile (D:10)
  An orc priest (D:10)
  A mottled dragon zombie (D:10)
  A sky beast zombie (D:10)
  An orc (D:10)
16 creatures vanquished.

Vanquished Creatures (others)
  2 trolls
  A polar bear (Depths:3)
  3 ogres
  A boggart (Depths:3)
  A jelly (D:7)
  An adder (D:8)
  A giant cockroach (D:7)
  A jackal (D:8)
  5 giant spores
  5 plants
21 creatures vanquished.

Grand Total: 691 creatures vanquished

Notes
Turn   | Place    | Note
--------------------------------------------------------------
     0 | D:1      | Ratboiler, the Minotaur Berserker, began the quest for the Orb.
     0 | D:1      | Reached XP level 1. HP: 19/19 MP: 1/1
   151 | D:1      | Reached XP level 2. HP: 14/27 MP: 1/1
   369 | D:1      | Reached skill level 4 in Maces & Flails
   409 | D:1      | Acquired Trog's second power
   830 | D:2      | Reached XP level 3. HP: 31/33 MP: 2/2
  1148 | D:2      | Reached XP level 4. HP: 29/40 MP: 2/2
  1831 | D:3      | Noticed Ijyb
  1849 | D:3      | Killed Ijyb
  1849 | D:3      | Reached skill level 5 in Maces & Flails
  1860 | D:3      | Reached XP level 5. HP: 47/47 MP: 2/2
  2326 | D:4      | Noticed TAS2012's ghost (average OpWz)
  2331 | D:4      | Killed TAS2012's ghost
  2331 | D:4      | Reached skill level 5 in Fighting
  2331 | D:4      | Reached skill level 6 in Maces & Flails
  2331 | D:4      | Reached XP level 6. HP: 56/56 MP: 3/3
  2516 | D:4      | Acquired Trog's third power
  2594 | D:4      | Noticed Blork the orc
  2601 | D:4      | Killed Blork the orc
  2601 | D:4      | Reached skill level 7 in Maces & Flails
  2666 | D:4      | Noticed Edmund
  2673 | D:4      | Killed Edmund
  2673 | D:4      | Reached skill level 5 in Armour
  2673 | D:4      | Reached XP level 7. HP: 61/61 MP: 3/3
  2791 | D:4      | Found Smigaana's Jewellery Emporium.
  3002 | D:4      | Noticed Grinder
  3027 | D:4      | Killed Grinder
  3027 | D:4      | Reached skill level 8 in Maces & Flails
  3058 | D:4      | Reached XP level 8. HP: 64/71 MP: 3/3
  3199 | D:5      | Entered Level 5 of the Dungeon
  3458 | D:5      | Noticed Sigmund
  3473 | D:5      | Reached skill level 9 in Maces & Flails
  3480 | D:5      | Killed Sigmund
  3558 | D:5      | Found a stormy altar of Qazlal.
  4150 | D:6      | Reached skill level 10 in Maces & Flails
  4389 | D:6      | Found a staircase to the Ecumenical Temple.
  4419 | D:6      | Got a pair of jewelled boots
  4425 | D:6      | Identified the cursed +1 pair of boots "Smuih" {rElec rN+} (You found it on level 6 of the Dungeon)
  4553 | D:6      | Received a gift from Trog
  4660 | D:6      | Reached XP level 9. HP: 77/80 MP: 4/4
  5341 | D:7      | Noticed Pikel
  5360 | D:7      | Killed Pikel
  5360 | D:7      | Reached skill level 11 in Maces & Flails
  5472 | D:7      | Noticed Eustachio
  5477 | D:7      | Killed Eustachio
  5818 | D:7      | Noticed Crazy Yiuf
  5827 | D:7      | Paralysed by Crazy Yiuf for 3 turns
  5831 | D:7      | Killed Crazy Yiuf
  5831 | D:7      | Received a gift from Trog
  5854 | D:7      | Cast into the Abyss (a distortion unwield)
  5882 | Abyss:1  | Found a corrupted altar of Lugonu.
  5902 | Abyss:1  | Noticed a thrashing horror
  5914 | Abyss:1  | Noticed a lorocyproca
  5945 | Abyss:1  | Noticed an efreet
  5954 | Abyss:1  | Noticed an efreet
  5957 | Abyss:1  | Found a corrupted altar of Lugonu.
  5962 | D:7      | Escaped the Abyss
  6433 | D:8      | Reached skill level 12 in Maces & Flails
  6507 | D:8      | Noticed a two-headed hydra
  6515 | D:8      | Reached XP level 10. HP: 91/91 MP: 4/4
  6522 | D:8      | Killed a two-headed hydra
  6851 | D:8      | Found a deep blue altar of Sif Muna.
  7077 | D:9      | Found a staircase to the Orcish Mines.
  7232 | D:9      | Found a sparkling altar of Nemelex Xobeh.
  7251 | D:9      | Found a white marble altar of Elyvilon.
  7255 | D:9      | Found a stormy altar of Qazlal.
  7255 | D:9      | Found a shattered altar of Ashenzari.
  7274 | D:9      | Found a snail-covered altar of Cheibriados.
  7340 | D:9      | Reached skill level 13 in Maces & Flails
  7672 | D:9      | Reached skill level 5 in Dodging
  7681 | D:9      | Reached skill level 10 in Fighting
  7720 | D:9      | Reached skill level 10 in Armour
  7798 | D:10     | Entered Level 10 of the Dungeon
  7798 | D:10     | Noticed Nergalle
  7802 | D:10     | Killed Nergalle
  7834 | D:10     | Noticed an elephant
  7867 | D:10     | Received a gift from Trog
  7956 | D:10     | Killed an elephant
  7956 | D:10     | Reached XP level 11. HP: 100/100 MP: 4/4
  7988 | D:10     | Noticed Urug
  7997 | D:10     | Killed Urug
  8028 | D:10     | Found a staircase to the Lair.
  8282 | D:10     | Noticed Fannar
  8291 | D:10     | Killed Fannar
  8291 | D:10     | Reached skill level 14 in Maces & Flails
  8710 | D:4      | Bought an uncursed ring of regeneration for 300 gold pieces
  9057 | D:11     | Found Zept's Antique Weapon Emporium.
  9325 | D:11     | Noticed a hill giant
  9359 | D:11     | Killed a hill giant
  9498 | D:11     | Noticed a hill giant
  9508 | D:11     | Killed a hill giant
  9603 | D:11     | Noticed a seven-headed hydra
  9610 | D:11     | Killed a seven-headed hydra
  9780 | D:11     | Received a gift from Trog
  9789 | D:11     | Reached skill level 15 in Maces & Flails
  9991 | D:12     | Got a heavily runed cloak
 10002 | D:12     | Identified the cursed -4 cloak "Jint" {Dex+2 Int+5} (You found it on level 12 of the Dungeon)
 10146 | D:12     | Reached XP level 12. HP: 104/110 MP: 5/5
 10529 | D:13     | Found a gate to the Vaults.
 10943 | D:13     | Found a shimmering altar of Xom.
 11301 | D:13     | Reached skill level 16 in Maces & Flails
 11878 | D:14     | Received a gift from Trog
 12722 | D:15     | Entered Level 15 of the Dungeon
 12990 | D:15     | Reached XP level 13. HP: 88/119 MP: 5/5
 13042 | D:15     | Noticed a centaur warrior
 13048 | D:15     | Killed a centaur warrior
 13186 | D:15     | Noticed Snorg
 13196 | D:15     | Killed Snorg
 13277 | D:15     | Gained mutation: You are robust (+10% HP). [mutagenic meat]
 13278 | D:15     | Gained mutation: Your mind is acute. (Int +2) [mutagenic meat]
 13302 | D:15     | Reached skill level 17 in Maces & Flails
 13599 | D:15     | Got a warped leather armour
 13610 | D:15     | Identified the cursed -5 leather armour "Ketogeype" {Dex+2} (You found it on level 15 of the Dungeon)
 13634 | D:15     | Noticed Maud
 13650 | D:15     | Killed Maud
 13715 | D:15     | Noticed Louise
 13715 | D:15     | Noticed Kirke
 13904 | D:15     | Noticed a yaktaur captain
 13914 | D:15     | Killed a yaktaur captain
 14038 | D:15     | Found a staircase to the Depths.
 14064 | D:15     | Noticed a centaur warrior
 14074 | D:15     | Killed a centaur warrior
 14088 | D:15     | Received a gift from Trog
 14166 | D:15     | Reached skill level 10 in Dodging
 14252 | D:15     | Killed Kirke
 14465 | Depths:1 | Entered Level 1 of the Depths
 14492 | Depths:1 | Noticed a stone giant
 14492 | Depths:1 | Noticed a dire elephant
 14589 | Depths:1 | Killed a dire elephant
 14595 | Depths:1 | Killed a stone giant
 14824 | Depths:1 | Noticed a tengu reaver
 15035 | Depths:1 | Killed a tengu reaver
 15035 | Depths:1 | Reached skill level 18 in Maces & Flails
 15113 | Depths:1 | Reached XP level 14. HP: 121/143 MP: 5/5
 15236 | Depths:1 | Noticed a frost giant
 15247 | Depths:1 | Killed a frost giant
 15308 | Depths:1 | Noticed a vampire knight
 15315 | Depths:1 | Paralysed by something for 7 turns
 15330 | Depths:1 | Killed a vampire knight
 15423 | Depths:1 | Noticed a frost giant
 15552 | D:15     | Killed a frost giant
 15893 | Depths:1 | Noticed a red very ugly thing
 15903 | Depths:1 | Killed a red very ugly thing
 16046 | Depths:1 | Received a gift from Trog
 16087 | Depths:1 | Found a glowing golden altar of the Shining One.
 16179 | Depths:1 | Noticed a frost giant
 16181 | Depths:1 | Noticed an emperor scorpion
 16197 | Depths:1 | Killed a frost giant
 16203 | Depths:1 | Killed an emperor scorpion
 16407 | Depths:1 | Found a gateway to Hell.
 16411 | Depths:1 | Noticed a stone giant
 16432 | Depths:1 | Killed a stone giant
 16432 | Depths:1 | Reached skill level 19 in Maces & Flails
 16655 | Depths:1 | Gained mutation: You are agile. (Dex +2) [potion of beneficial mutation]
 16867 | Depths:1 | Noticed a tengu reaver
 16905 | Depths:1 | Killed a tengu reaver
 17307 | Depths:1 | Reached XP level 15. HP: 152/152 MP: 6/6
 17980 | Depths:2 | Found a one-way gate leading to the halls of Pandemonium.
 17988 | Depths:2 | Reached skill level 15 in Fighting
 18479 | Depths:2 | Noticed a shadow dragon
 18489 | Depths:2 | Killed a shadow dragon
 18593 | Depths:2 | Noticed a golden dragon
 18598 | Depths:2 | Noticed a titan
 18598 | Depths:2 | Killed a golden dragon
 18598 | Depths:2 | Reached skill level 15 in Armour
 18604 | Depths:2 | Killed a titan
 18652 | Depths:2 | Noticed a lich
 18659 | Depths:2 | Killed a lich
 18672 | Depths:2 | Received a gift from Trog
 18693 | Depths:2 | Reached skill level 20 in Maces & Flails
 18792 | Depths:2 | Identified a scroll of acquirement
 19985 | Depths:3 | Noticed a sphinx
 20338 | Depths:3 | Killed a sphinx
 20338 | Depths:3 | Reached XP level 16. HP: 166/166 MP: 6/6
 20862 | Depths:3 | Noticed a lich
 20875 | Depths:3 | Killed a lich
 21515 | Depths:3 | Noticed the Enchantress
 21681 | Depths:3 | HP: 3/164 [something (12)]
 21683 | Depths:3 | Demolished by the Enchantress

Action                   |  1- 3 |  4- 6 |  7- 9 | 10-12 | 13-15 | 16-18 || total
-------------------------+-------+-------+-------+-------+-------+-------++-------
Melee: Mace              |    83 |    97 |     7 |       |       |       ||   187
       Dire flail        |       |       |   365 |   666 |       |       ||  1031
       Great mace        |       |       |       |    72 |   627 |   163 ||   862
Throw: Javelin           |       |       |       |     1 |     3 |       ||     4
Invok: Berserk           |       |     3 |     3 |     9 |    28 |     7 ||    50
       Trog's Hand       |       |       |     2 |       |     4 |     1 ||     7
       Brothers in Arms  |       |       |       |     3 |     6 |     6 ||    15
Evoke: Wand              |       |       |     4 |     3 |    15 |     4 ||    26
  Use: Scroll            |       |     2 |    11 |    13 |     9 |     3 ||    38
       Potion            |       |       |     5 |     2 |     4 |    10 ||    21
 Stab: Distracted        |       |       |       |       |     3 |       ||     3
  Eat: Fruit             |       |     2 |       |     2 |     4 |     3 ||    11
       Chunk             |       |     3 |     5 |    18 |    22 |     7 ||    55
       Meat ration       |       |     1 |       |       |     3 |     1 ||     5
       Pizza             |       |       |     1 |       |       |       ||     1
       Bread ration      |       |       |     2 |     3 |     5 |       ||    10
       Royal jelly       |       |       |       |     1 |     1 |       ||     2
       Beef jerky        |       |       |       |     3 |       |       ||     3
